 Dungeon Crawl Stone Soup version 0.16.1-14-g82efdee (webtiles) character file.

1152 KarvaRausku the Cleaver (level 8, -3/58 HPs)
             Began as a Human Fighter on Apr 14, 2015.
             Was a Follower of Okawaru.
             Killed from afar by Joseph (18 damage)
             ... with a wand of fire
             ... on level 7 of the Dungeon.
             The game lasted 00:10:46 (5048 turns).

KarvaRausku the Cleaver (Human Fighter)             Turns: 5048, Time: 00:10:46

Health: -3/58      AC:  8    Str: 23    XL:     8   Next: 65%
Magic:  0/8        EV:  7    Int: 10    God:    Okawaru [*.....]
Gold:   278        SH: 10    Dex: 12    Spells: 0 memorised, 7 levels left

rFire  . . .     SeeInvis .     a - +1 war axe
rCold  . . .     Clarity  .     b - +0 scale mail
rNeg   . . .     SustAb   .     c - +1 shield
rPois  .         Gourm    .     o - +2 hat {Spirit}
rElec  .         Spirit   +     (no cloak)
rCorr  .         Warding  .     (no gloves)
rMut   .         Stasis   .     (no boots)
MR     +....                    (no amulet)
Stlth  ..........               j - ring of protection from magic
                                k - +3 ring of slaying

@: mighty, somewhat resistant to hostile enchantments, extremely unstealthy
A: no striking features
a: Heroism, Renounce Religion


You were on level 7 of the Dungeon.
You worshipped Okawaru.
Okawaru was aware of your devotion.
You were not hungry.

You visited 2 branches of the dungeon, and saw 8 of its levels.

You collected 278 gold pieces.

Inventory:

Hand weapons
 a - a +1 war axe (weapon)
 h - a +2 flail of holy wrath
Armour
 b - a +0 scale mail (worn)
 c - a +1 shield (worn)
 o - a +2 hat of spirit shield (worn)
Magical staves
 C - an uncursed staff of earth {unknown}
Jewellery
 j - a ring of protection from magic (right hand)
 k - a +3 ring of slaying (left hand)
 m - an uncursed amulet of faith
 w - an uncursed ring of ice
 D - a cursed ring of protection from fire {unknown}
Scrolls
 f - 2 scrolls of recharging
 p - 5 scrolls of identify {unknown}
 q - 4 scrolls of remove curse
 v - 2 scrolls of amnesia
 y - a scroll of fear {unknown}
 B - 4 scrolls of teleportation
 E - a scroll of vulnerability {unknown}
 F - a scroll of noise {unknown}
Potions
 e - a potion of agility {unknown}
 i - a potion of beneficial mutation {unknown}
 l - 2 potions of ambrosia {unknown}
 n - 2 potions of flight {unknown}
 x - 2 potions of curing
Comestibles
 d - 9 bread rations
 g - 2 meat rations
 r - a beef jerky
 s - 3 fruits
 u - 2 royal jellies
 z - a slice of pizza
 A - 3 chunks of flesh


   Skills:
 - Level 3.0 Fighting
 + Level 9.9 Axes
 - Level 3.0 Armour
 - Level 3.0 Shields


You had 7 spell levels left.
You didn't know any spells.

Dungeon Overview and Level Annotations

Branches:
Dungeon (7/15)             Temple (1/1) D:5

Altars:
Ashenzari
Dithmenos
Elyvilon
Fedhas
Makhleb
Nemelex Xobeh
Okawaru
Qazlal
Ru
Sif Muna
Trog
Vehumet
Yredelemnul
Zin
The Shining One

Shops:
D:6 (

Annotations:
D:4 4 runed doors, KarvaRausku's ghost, experienced HuFi
D:5 KarvaRausku's ghost, experienced HuFi
D:7 Joseph


Message History

Unknown command.
You hit Joseph.
Joseph is moderately wounded.
Joseph zaps a wand.
The bolt of fire hits you!
* * * LOW HITPOINT WARNING * * *
Unknown command.
You are too injured to fight recklessly!
Unknown command.
You are too injured to fight recklessly!
Unknown command.
Drink which item? (? for menu, Esc to quit)
You feel better.
Joseph hits you with an uncursed quarterstaff.
* * * LOW HITPOINT WARNING * * *
Drink which item? (? for menu, Esc to quit)
You feel better. You block Joseph's attack.
Drink which item? (? for menu, Esc to quit)
You feel very mighty all of a sudden.
Joseph zaps a wand.
The bolt of fire hits you!
You die...

....).............#
####)###'######'####
###...)............#
..#................#
..#................#
..#................#
..#................#
.>'.............(..#
#+#........#####@###
.....###+###....@.#
(....# .........#
.....+ .........#
.....# .........#
.....# ##+##8..8
##+### ..... ##..##
...


You could see Joseph.

Vanquished Creatures
  3 ogres
  2 centaurs
  3 giant frogs (D:6)
  3 hounds
  A giant frog zombie (D:5)
  A goliath beetle (D:7)
  6 orc wizards
  An orc priest (D:7)
  A worker ant (D:4)
  A hound zombie (D:7)
  Terence (D:2)
  A worker ant zombie (D:4)
  6 adders
  7 gnolls
  2 giant mites
  A worm (D:2)
  An adder zombie (D:3)
  3 giant geckos
  23 orcs
  10 bats
  4 giant cockroaches
  9 hobgoblins
  10 jackals
  8 kobolds
  3 quokkas (D:3)
  2 ball pythons
  8 giant newts
  6 goblins
  11 rats
138 creatures vanquished.

Notes
Turn   | Place    | Note
--------------------------------------------------------------
     0 | D:1      | KarvaRausku, the Human Fighter, began the quest for the Orb.
     0 | D:1      | Reached XP level 1. HP: 18/18 MP: 1/1
   242 | D:1      | Reached XP level 2. HP: 20/24 MP: 2/2
   788 | D:2      | Reached XP level 3. HP: 29/29 MP: 3/3
   793 | D:2      | Noticed Terence
   814 | D:2      | Reached skill level 4 in Axes
   814 | D:2      | Reached XP level 4. HP: 13/35 MP: 4/4
   819 | D:2      | Killed Terence
  1150 | D:2      | Found a burning altar of Makhleb.
  1166 | D:2      | Reached skill level 5 in Axes
  1166 | D:2      | Reached XP level 5. HP: 25/41 MP: 5/5
  1499 | D:3      | Found a sparkling altar of Nemelex Xobeh.
  1503 | D:3      | Found a blossoming altar of Fedhas.
  1508 | D:3      | Found a white marble altar of Elyvilon.
  2042 | D:4      | Noticed KarvaRausku's ghost (experienced HuFi)
  2223 | D:4      | Reached XP level 6. HP: 35/47 MP: 4/6
  2224 | D:4      | Reached skill level 6 in Axes
  2467 | D:4      | Found a large runed door.
  2467 | D:4      | Found a large runed door.
  2786 | D:4      | Found a large runed door.
  2786 | D:4      | Found a large runed door.
  3084 | D:4      | Reached XP level 7. HP: 35/52 MP: 5/7
  3103 | D:4      | Reached skill level 7 in Axes
  3219 | D:5      | Entered Level 5 of the Dungeon
  3366 | D:5      | Found a staircase to the Ecumenical Temple.
  3407 | Temple   | Entered the Ecumenical Temple
  3471 | Temple   | Became a worshipper of Warmaster Okawaru
  3553 | D:5      | Reached skill level 8 in Axes
  3591 | D:5      | Found a bloodstained altar of Trog.
  3595 | D:5      | Found a glowing golden altar of the Shining One.
  3909 | D:5      | Found a stormy altar of Qazlal.
  3950 | D:5      | Reached XP level 8. HP: 36/58 MP: 5/8
  4007 | D:5      | Noticed KarvaRausku's ghost (experienced HuFi)
  4283 | D:6      | Reached skill level 9 in Axes
  4702 | D:6      | Found Smevobua's Weapon Emporium.
  4709 | D:6      | Acquired Okawaru's first power
  5039 | D:7      | Noticed Joseph
  5048 | D:7      | Killed from afar by Joseph

Action                   |  1- 3 |  4- 6 |  7- 9 || total
-------------------------+-------+-------+-------++-------
Melee: War axe           |    70 |   186 |   129 ||   385
  Use: Potion            |     4 |     5 |     3 ||    12
       Scroll            |       |       |     7 ||     7
  Eat: Chunk             |       |     7 |     7 ||    14
